Unix NetHack Version 3.7.0-86 Work-in-progress - last build May 30 2023 01:50:43 (cc98dc9aa62a9957b082a042edf5bd7ec9f632c7,branch:master). Game began 2023-06-09 05:37:41, ended 2023-06-09 06:02:44. MalkMcJorma, chaotic female elven Priestess --------- |.......| ---- #........| #h.\o | #|.......| #@@# .....+ ##|.......| ##)#f-........| ## |.......| 0### -------+- # -----|--- ## # ### # ### ## # -----## # # |...|## # ## |....## # # |).[| ####### |...-########---.-# |...| |<..+ ----- |...| |.... ----- MalkMcJorma the Adept St:14 Dx:12 Co:13 In:10 Wi:20 Ch:12 Chaotic Dlvl:9 $:120 HP:0(41) Pw:86(93) AC:3 Xp:6/389 T:2414 Latest messages: You finish taking off your helm. What do you want to take off? [bI or ?*] You were wearing an uncursed +1 white-handed shield. In what direction? You feel better. What do you want to eat? [eflqt or ?*] This lichen corpse tastes okay. You finish eating the lichen corpse. What do you want to wear? [cGI or ?*] You finish your dressing maneuver. What do you want to wear? [cI or ?*] You are now wearing a white-handed shield. You find a hidden passage. The gnome lord wakes up! The gnome lord wields an uncursed crossbow! The gnome lord shoots 3 crossbow bolts! You are hit by the 1st crossbow bolt. You are hit by the 2nd crossbow bolt. The 3rd crossbow bolt misses you. The bugbear wakes up! The Elvenqueen wakes up! You feel tough! You must have been leading a healthy life-style. You hit the gnome lord! Blackfell misses the gnome lord. The gnome lord swings his crossbow. The gnome lord misses! The Elvenqueen wields an uncursed mace! You hit the gnome lord. Blackfell bites the gnome lord. The gnome lord swings his crossbow at Blackfell. The gnome lord misses Blackfell. The gnome lord swings his crossbow. The gnome lord hits! Blackfell bites the gnome lord. Blackfell bites the gnome lord. The gnome lord swings his crossbow at Blackfell. The gnome lord misses Blackfell. Blackfell bites the gnome lord. Blackfell grows up into a housecat. You hit the Elvenqueen. Blackfell eats an uncursed gnome lord corpse. The Elvenqueen swings her mace. The Elvenqueen hits! The Elvenqueen swings her mace. The Elvenqueen hits again! You miss the Elvenqueen. The Elvenqueen swings her mace. The Elvenqueen hits! You die... Inventory: Coins ('$') $ - 120 gold pieces Weapons (')') F - 9 uncursed +0 darts a - a blessed +1 mace (weapon in hand) Armor ('[') G - an uncursed +0 orcish helm (being worn) c - an uncursed +0 small shield I - an uncursed +1 Uruk-hai shield (being worn) b - a blessed +0 robe (being worn) z - an uncursed +0 leather armor (being worn) Comestibles ('%') e - an uncursed clove of garlic q - 6 uncursed food rations f - an uncursed sprig of wolfsbane t - 2 uncursed tripe rations l - 2 uncursed lichen corpses Scrolls ('?') v - a blessed scroll of blank paper w - 3 uncursed scrolls of blank paper j - a blessed scroll of enchant armor m - an uncursed scroll of identify named Identify r - an uncursed scroll of light s - a cursed scroll of magic mapping A - 2 uncursed scrolls of scare monster named Scare Monster p - a blessed scroll of teleportation Spellbooks ('+') H - an uncursed spellbook of detect food Potions ('!') D - a cursed potion of oil d - 2 potions of holy water Wands ('/') x - an uncursed wand of slow monster (0:5) Tools ('(') E - an uncursed blindfold Gems/Stones ('*') y - an uncursed worthless piece of violet glass MalkMcJorma the Priestess's attributes: Background: You were an Adept, a level 6 elven Priestess. You were chaotic, on a mission for Manannan Mac Lir who was opposed by Lugh (lawful) and Brigit (neutral). You were in the Dungeons of Doom, on level 9. You entered the dungeon 2414 turns ago. You had 389 experience points, 251 more were needed to attain level 7. Basics: You had 0 out of 41 hit points. You had 86 out of 93 energy points (spell power). Your armor class was 3. Your wallet contained 120 zorkmids. Autopickup was off. Final Characteristics: Your strength was 14 (peak:15, limit:18). Your dexterity was 12 (limit:18). Your constitution was 13 (limit:16). Your intelligence was 10 (limit:20). Your wisdom was 20 (limit:20). Your charisma was 12 (limit:18). Final Status: You were not hungry. You were unencumbered. You were wielding a mace. You were skilled in mace. Final Attributes: You were piously aligned. You were sleep resistant. You had infravision. You were guarded. You are dead. Miscellaneous: You disabled loading of bones levels. Total elapsed playing time was 25 minutes. Major events: Turn 1: MalkMcJorma the chaotic elven Priestess entered the dungeon 660: attained the rank of Acolyte (level 3) 693: entered the Gnomish Mines 2234: attained the rank of Adept (level 6) 2414: killed by an Elvenqueen Vanquished creatures: a small mimic a giant beetle a dingo 2 ravens 4 Uruk-hai a rock piercer a rock mole a pony a fog cloud 2 shriekers a gnome leader a gray ooze an elf zombie a paper golem a rabid rat a giant bat a dwarf zombie 2 iguanas an acid blob a coyote a hobbit 2 large kobolds a hobgoblin a giant rat 2 cave spiders 2 brown molds a gnome zombie 3 geckos 4 jackals a kobold a goblin a sewer rat a grid bug 5 lichens 3 newts 55 creatures vanquished. No species were genocided or became extinct. Voluntary challenges: You were illiterate. You never engraved Elbereth. You never genocided any monsters. You never polymorphed an object. You used no wishes. Achievements: You entered a shop. You attained the rank of Acolyte. You entered the Gnomish Mines. You attained the rank of Adept. The Dungeons of Doom: levels 1 to 9 Level 1: Level 2: Level 3: "Vault" A health food store. Stairs down to The Gnomish Mines. Level 4: Level 5: A grave. Level 6: A general store. Level 7: Level 8: Level 9: <- You were here. A throne. Final resting place for you, killed by an Elvenqueen. The Gnomish Mines: Level 4: Game over: ---------- / \ / REST \ / IN \ / PEACE \ / \ | MalkMcJorma | | 120 Au | | killed by an | | Elvenqueen | | | | | | 2023 | *| * * * | * _________)/\\_//(\/(/\)/\//\/|_)_______ Goodbye MalkMcJorma the Priestess... You died in The Dungeons of Doom on dungeon level 9 with 2064 points, and 120 pieces of gold, after 2414 moves. You were level 6 with a maximum of 41 hit points when you died.